 Dungeon Crawl Stone Soup version 0.21.1-1-g345015f (webtiles) character file.

31 tev the Chopper (level 3, -2/29 HPs)
             Began as a Demonspawn Berserker on July 30, 2018.
             Was a Believer of Trog.
             Slain by a gnoll (6 damage)
             ... on level 2 of the Dungeon.
             The game lasted 00:02:59 (636 turns).

tev the Chopper (Demonspawn Berserker)               Turns: 636, Time: 00:03:03

Health: -2/29      AC:  3    Str: 18    XL:     3   Next: 7%
Magic:  3/3        EV: 12    Int:  8    God:    Trog [**....]
Gold:   65         SH:  0    Dex: 12    Spells: 2/2 levels left

rFire    . . .     SeeInvis .   a - +0 hand axe
rCold    . . .     Gourm    .   (no shield)
rNeg     . . .     Faith    .   b - +0 animal skin
rPois    .         Spirit   .   (no helmet)
rElec    .         Reflect  .   (no cloak)
rCorr    .         Harm     .   (no gloves)
MR       .....                  i - +0 pair of boots
Stlth    +.........             (no amulet)
HPRegen  0.09/turn              (no ring)
MPRegen  0.08/turn              (no ring)

@: no status effects
A: talons 1, powered by pain 1
a: Berserk, Trog's Hand, Burn Spellbooks, Renounce Religion


You were on level 2 of the Dungeon.
You worshipped Trog.
Trog was pleased with you.
You were not hungry.

You visited 1 branch of the dungeon, and saw 2 of its levels.

You collected 65 gold pieces.

Inventory:

Hand Weapons
 a - a +0 hand axe (weapon)
Armour
 b - a +0 animal skin (worn)
 i - a +0 pair of boots (worn)
Jewellery
 j - an uncursed ring of see invisible {unknown}
 l - an uncursed ring of protection from magic {unknown}
Scrolls
 d - 4 scrolls of identify {unknown}
 e - 2 scrolls of remove curse {unknown}
 f - 2 scrolls of enchant armour {unknown}
 n - 2 scrolls of enchant weapon {unknown}
Potions
 h - a potion of heal wounds {unknown}
 k - a potion of degeneration {unknown}
 m - a potion of magic {unknown}
Comestibles
 c - 2 rations
 g - 3 chunks of flesh


   Skills:
 + Level 3.3 Fighting
 * Level 3.4 Axes
 + Level 1.8 Armour
 + Level 2.0 Dodging


You had 2 spell levels left.
You didn't know any spells.

Dungeon Overview and Level Annotations

Branches:
Dungeon (2/15)

Altars:
Cheibriados
Nemelex Xobeh
Sif Muna


Innate Abilities, Weirdness & Mutations

You have sharp toenails.
You sometimes gain a little power by taking damage.


Message History

Some of the chunks of flesh in your inventory have rotted away.
You hit the gnoll.
The gnoll is lightly wounded.
The gnoll closely misses you.
A gnoll comes into view. It is wielding a spear.
You barely miss the gnoll.
The gnoll is lightly wounded.
You barely miss the gnoll. The gnoll barely misses you.
The gnoll closely misses you.
You barely miss the gnoll.
The gnoll is lightly wounded.
You hit the gnoll but do no damage. The gnoll hits you.
The gnoll barely misses you.
You hit the gnoll but do no damage.
The gnoll is lightly wounded.
You barely miss the gnoll. The gnoll hits you!
The gnoll hits you with a flail of protection.
* * * LOW HITPOINT WARNING * * *
The gnoll hits you.
You die...

#.......#.......
#.......#.#..##.
#.......#.......
##.##..##.######
##.........#
##..........#
##..##+##....#
#. #..##
##......#.. #.@#
#......... #gg#
#...##.... #.g#
#...# ##.. #..#
#...# . ##..
....# #.. ....##
#.# #..


You could see 3 gnolls.

Vanquished Creatures
  3 dart slugs
  A leopard gecko (D:1)
  A giant cockroach (D:1)
  2 goblins (D:2)
  4 hobgoblins
  2 jackals (D:2)
  A ball python (D:1)
  4 bats (D:1)
  A frilled lizard (D:1)
  2 kobolds (D:1)
  3 rats
24 creatures vanquished.

Notes
Turn   | Place    | Note
-------+----------+-------------------------------------------
     0 | D:1      | tev the Demonspawn Berserker began the quest for the Orb.
     0 | D:1      | Reached XP level 1. HP: 18/18 MP: 1/1
    87 | D:1      | Found a snail-covered altar of Cheibriados.
   141 | D:1      | Gained mutation: You sometimes gain a little power by taking damage. [demonic ancestry]
   141 | D:1      | Reached XP level 2. HP: 22/24 MP: 2/2
   552 | D:2      | Reached ** piety under Trog
   564 | D:2      | Found a deep blue altar of Sif Muna.
   584 | D:2      | Found a sparkling altar of Nemelex Xobeh.
   591 | D:2      | Gained mutation: You have sharp toenails. [demonic ancestry]
   591 | D:2      | Reached XP level 3. HP: 17/29 MP: 3/3
   636 | D:2      | Slain by a gnoll

Skill      XL: |  1  2  3 |
---------------+----------+-----
Axes           | 3 |  3.4
Dodging        | 2 |  2.0
Fighting       | |  3.3
Armour         | |  1.8

Action                   || total
-------------------------++-------
Melee: Hand axe          ||    77
 Stab: Sleeping          ||     1
Armor: Animal skin       ||    13
Dodge: Dodged            ||    43
